 Dungeon Sprint DCSS version 0.20-a0-1101-g1de9d76 (webtiles) character file.

802 potatolord5000 the Fighter (level 7, 0/109 HPs)
             Began as a Minotaur Fighter on May 4, 2017.
             Slain by a tyrant leech (26 damage)
             ... in the Dungeon (Sprint II: "The Violet Keep of Menkaure").
             The game lasted 00:02:28 (62 turns).

potatolord5000 the Fighter (Minotaur Fighter)         Turns: 62, Time: 00:02:29

Health: 0/109      AC:  8    Str: 28    XL:     7   Next: 59%
Magic:  6/6        EV:  9    Int:  5    God:
Gold:   486        SH: 12    Dex:  9    Spells: 6/6 levels left

rFire    + . .     SeeInvis .   a - +0 war axe
rCold    . . .     Gourm    .   c - +0 shield
rNeg     . . .     Faith    .   b - +0 scale mail
rPois    .         Spirit   .   (helmet restricted)
rElec    .         Reflect  .   (no cloak)
rCorr    .         Harm     .   (no gloves)
MR       .....     NoTele   +   (no boots)
Stlth    ..........             (no amulet)
Regen    0.3/turn               (no ring)
MPRegen  0.1/turn               (no ring)

@: berserking, hasted, very quick
A: retaliatory headbutt, horns 2, fire resistance 1
a: no special abilities


You were in the Dungeon.
You were not hungry.

You visited 1 branch You collected 486 gold pieces.

Inventory:

Hand Weapons
 a - a +0 war axe (weapon)
Armour
 b - a +0 scale mail (worn)
 c - a +0 shield (worn)
Scrolls
 k - a scroll of blinking
Potions
 e - a potion of curing
 g - a potion of heal wounds
 i - 2 potions of magic
Comestibles
 f - a bread ration


   Skills:
 + Level 10.9 Fighting
 + Level 9.3 Axes
 + Level 10.8 Armour
 + Level 10.9 Shields


You had 6 spell levels left.
You didn't know any spells.

Dungeon Overview and Level Annotations

Branches:
Dungeon (1/1)

Altars:


Innate Abilities, Weirdness & Mutations

You reflexively headbutt those who attack you in melee.
You have a pair of horns on your head.
Your flesh is heat resistant. (rF+)


Message History

The tyrant leech is moderately wounded.
The tyrant leech bites you!!
The tyrant leech draws strength from your injuries!
You hit the tyrant leech but do no damage.
The tyrant leech is moderately wounded.
The tyrant leech closely misses you. You furiously retaliate!
You headbutt the tyrant leech! You closely miss the tyrant leech.
Your headbutt misses the tyrant leech.
The tyrant leech is heavily wounded.
You slice the tyrant leech!!
You kill the tyrant leech!
Your Axes skill increases to level 9!
You closely miss the tyrant leech. You barely miss the tyrant leech.
The tyrant leech bites you!!
* * * LOW HITPOINT WARNING * * *
The tyrant leech draws strength from your injuries!
You slash the tyrant leech! Your headbutt misses the tyrant leech.
The tyrant leech is lightly wounded.
The tyrant leech bites you!!
You die...

+++#++ ....
##'## #...##
#..##.# #
####.#### ##.
#'## .##
#$..##.###..#
#w@<.'.#
#...##.###..#
##. #+# .## #
##


You could see a tyrant leech.

Vanquished Creatures
  A tyrant leech (D)
  4 neqoxecs (D)
  4 worker ants (D)
9 creatures vanquished.

Vanquished Creatures (others)
  A crocodile (D)
1 creature vanquished.

Grand Total: 10 creatures vanquished

Notes
Turn   | Place    | Note
-------+----------+-------------------------------------------
     0 | D        | potatolord5000 the Minotaur Fighter began the quest for the Orb.
     0 | D        | Reached XP level 1. HP: 19/19 MP: 0/0
     1 | D        | Noticed a neqoxec
     2 | D        | Noticed a quasit
     3 | D        | Noticed a neqoxec
     5 | D        | Killed a neqoxec
     5 | D        | Reached XP level 2. HP: 34/34 MP: 1/1
     5 | D        | Reached XP level 3. HP: 39/39 MP: 2/2
     5 | D        | Reached XP level 4. HP: 47/47 MP: 3/3
     5 | D        | Reached XP level 5. HP: 52/52 MP: 4/4
     8 | D        | Noticed a neqoxec
     9 | D        | Gained mutation: Your flesh is heat resistant. (rF+) [a neqoxec]
    10 | D        | Killed a neqoxec
    10 | D        | Killed a crocodile
    13 | D        | Killed a neqoxec
    13 | D        | Reached XP level 6. HP: 47/64 MP: 5/5
    14 | D        | Noticed a neqoxec
    22 | D        | Killed a neqoxec
    22 | D        | Reached skill level 10 in Fighting
    22 | D        | Reached skill level 10 in Shields
    25 | D        | Noticed an ice statue
    37 | D        | Reached skill level 10 in Armour
    37 | D        | Reached XP level 7. HP: 42/72 MP: 6/6
    53 | D        | Noticed a tyrant leech
    53 | D        | Noticed a tyrant leech
    59 | D        | Killed a tyrant leech
    62 | D        | Slain by a tyrant leech

Vault maps used:
D:        the_violet_keep_of_menkaure

Skill      XL: |  1  2  3  4  5  6  7 |
---------------+----------------------+-----
Fighting       | 7 9 10 | 10.9
Axes           | 4 7 8 9 |  9.3
Armour         | 7 9 10 | 10.8
Shields        | 7 9 10 | 10.9

Action                   |  1- 3 |  4- 6 |  7- 9 || total
-------------------------+-------+-------+-------++-------
Melee: War axe           |     3 |    18 |    13 ||    34
       Headbutt          |     2 |     2 |     2 ||     6
  Use: Potion            |     1 |       |     2 ||     3
Armor: Scale mail        |     4 |     2 |     2 ||     8
Dodge: Dodged            |       |     3 |     4 ||     7
Block: Shield            |     2 |     6 |     4 ||    12
